 Dungeon Sprint DCSS version 0.21.2 (webtiles) character file.

137 Fang the Skirmisher (level 5, -3/57 HPs)
             Began as a Gargoyle Berserker on Sept 27, 2018.
             Was an Elder of Trog.
             Slain by a two-headed ogre
             ... wielding a +0 giant club
              (11 damage)
             ... in the Dungeon (Sprint IX: "|||||||||||||||||||||||||||||").
             The game lasted 00:00:44 (418 turns).

Fang the Skirmisher (Gargoyle Berserker)             Turns: 418, Time: 00:00:44

Health: -3/57      AC: 16    Str: 27    XL:     5   Next: 20%
Magic:  5/5        EV:  9    Int: 10    God:    Trog [****..]
Gold:   0          SH:  0    Dex:  9    Spells: 4/4 levels left

rFire    . . .     SeeInvis .   m - +2 rapier (holy)
rCold    . . .     Gourm    .   (no shield)
rNeg     + . .     Faith    .   p - +1 chain mail
rPois    ∞         Spirit   .   (no helmet)
rElec    +         Reflect  .   (no cloak)
rCorr    .         Harm     .   (no gloves)
MR       .....     NoTele   +   (no boots)
Stlth    ..........             (no amulet)
HPRegen  0.19/turn              n - +3 ring of intelligence
MPRegen  0.09/turn              o - +2 ring of protection

@: berserking (expiring), very quick
A: negative energy resistance 1, electricity resistance, unbreathing,
petrification resistance, rot immunity, AC +4
a: Berserk, Trog's Hand, Brothers in Arms, Burn Spellbooks, Renounce Religion


You were in the Dungeon.
You worshipped Trog.
Trog was greatly pleased with you.
You were very hungry.

You visited 1 branch

Inventory:

Hand Weapons
 a - a +0 hand axe
 m - a +2 rapier of holy wrath (weapon)
Armour
 p - a +1 chain mail (worn)
Jewellery
 n - a +3 ring of intelligence (left hand)
 o - a +2 ring of protection (right hand)
Wands
 l - a wand of iceblast (10)
Scrolls
 i - 2 scrolls of blinking
 k - 3 scrolls of remove curse
Potions
 d - 5 potions of curing
 e - 3 potions of heal wounds
 f - a potion of haste
 g - 4 potions of magic
 h - a potion of berserk rage
 j - a potion of invisibility
Comestibles
 c - a ration


   Skills:
 + Level 7.2 Fighting
 + Level 6.6 Axes
 + Level 3.7 Armour
 + Level 3.2 Dodging


You had 4 spell levels left.
You didn't know any spells.

Dungeon Overview and Level Annotations

Branches:
Dungeon (1/1)

Altars:
Cheibriados
Dithmenos
Elyvilon
Fedhas
Gozag
Hepliaklqana
Kikubaaqudgha
Makhleb
Nemelex Xobeh
Okawaru
Qazlal
Ru
Sif Muna
Trog
Uskayaw
Vehumet
Wu Jian
Xom
Yredelemnul
Zin
The Shining One
Beogh
Jiyva
Lugonu


Innate Abilities, Weirdness & Mutations

You are resistant to torment.
Your stone body is resilient. (AC +4)
You are immune to poison.
You resist negative energy. (rN+)
You are resistant to electric shocks. (rElec)
You can survive without breathing.
You are immune to petrification.
You are immune to rotting.


Message History

The two-headed ogre is almost dead.
Unknown command.
Your chain mail prevents you from hitting the two-headed ogre.
The two-headed ogre is almost dead.
The two-headed ogre closely misses you.
The two-headed ogre hits you with a giant club.
You puncture the two-headed ogre!
The two-headed ogre is almost dead.
Unknown command.
Your chain mail prevents you from hitting the two-headed ogre.
The two-headed ogre is almost dead.
The two-headed ogre hits you with a giant club.
The two-headed ogre barely misses you.
Unknown command.
You barely miss the two-headed ogre.
The two-headed ogre is almost dead.
The two-headed ogre hits you with a giant club!
* * * LOW HITPOINT WARNING * * *
The two-headed ogre hits you with a giant club!
You die... ▓▓▓▓▓▓▓▓▓▓▓▓▓▓▓▓▓▓▓▓▓▓▓▓ ..ZTtFO@.[[[)|?.'_______ ▓▓▓▓▓▓▓▓▓▓▓▓▓▓▓▓▓▓▓▓▓▓▓▓

You could see a two-headed ogre, a troll, a crocodile, a bullfrog and a quokka skeleton.

Vanquished Creatures
  An ice beast (D)
  A hound (D)
  An adder zombie (D)
  A bat (D)
  A bat skeleton (D)
  A giant cockroach (D)
  2 hobgoblins (D)
  2 frilled lizards (D)
  A jackal skeleton (D)
11 creatures vanquished.

Notes
Turn   | Place    | Note
-------+----------+-------------------------------------------
     0 | D        | Fang the Gargoyle Berserker began the quest for the Orb.
     0 | D        | Reached XP level 1. HP: 14/14 MP: 1/1
    14 | D        | Reached ** piety under Trog
    16 | D        | Reached skill level 4 in Fighting
    51 | D        | Noticed an ice beast
    51 | D        | Noticed a hound
    56 | D        | Killed a hound
    56 | D        | Reached skill level 5 in Fighting
    56 | D        | Reached XP level 2. HP: 21/21 MP: 2/2
    56 | D        | Reached XP level 3. HP: 26/26 MP: 3/3
    59 | D        | Reached *** piety under Trog
    73 | D        | Killed an ice beast
    73 | D        | Reached skill level 7 in Fighting
    73 | D        | Reached XP level 4. HP: 7/34 MP: 4/4
    73 | D        | Reached XP level 5. HP: 8/38 MP: 5/5
   339 | D        | Found a roughly hewn altar of Beogh.
   339 | D        | Found a snail-covered altar of Cheibriados.
   339 | D        | Found a shadowy altar of Dithmenos.
   339 | D        | Found a white marble altar of Elyvilon.
   339 | D        | Found a blossoming altar of Fedhas.
   339 | D        | Found an opulent altar of Gozag.
   340 | D        | Found a hazy altar of Hepliaklqana.
   341 | D        | Found a viscous altar of Jiyva.
   342 | D        | Found an ancient bone altar of Kikubaaqudgha.
   343 | D        | Found a corrupted altar of Lugonu.
   344 | D        | Found a burning altar of Makhleb.
   345 | D        | Found a sparkling altar of Nemelex Xobeh.
   346 | D        | Found an iron altar of Okawaru.
   347 | D        | Found a stormy altar of Qazlal.
   348 | D        | Found a sacrificial altar of Ru.
   349 | D        | Found a deep blue altar of Sif Muna.
   350 | D        | Found a bloodstained altar of Trog.
   351 | D        | Found a hide-covered altar of Uskayaw.
   352 | D        | Found a radiant altar of Vehumet.
   353 | D        | Found an ornate altar of the Wu Jian Council.
   354 | D        | Found a shimmering altar of Xom.
   355 | D        | Found a basalt altar of Yredelemnul.
   356 | D        | Found a glowing silver altar of Zin.
   357 | D        | Found a glowing golden altar of the Shining One.
   401 | D        | Noticed a troll
   401 | D        | Noticed a crocodile
   401 | D        | Noticed a two-headed ogre
   403 | D        | Reached **** piety under Trog
   418 | D        | Slain by a two-headed ogre

Skill      XL: |  1  2  3 |
---------------+----------+-----
Axes           | 4 6 |  6.6
Fighting       | 5 7 |  7.2
Dodging        | 2 3 |  3.2
Armour         | 3 |  3.7

Action                   |  1- 3 |  4- 6 || total
-------------------------+-------+-------++-------
Melee: Hand axe          |    32 |    12 ||    44
       Rapier            |       |    16 ||    16
Invok: Berserk           |     2 |     1 ||     3
Armor: Animal skin       |     7 |     9 ||    16
       Chain mail        |       |     2 ||     2
Dodge: Dodged            |    21 |    17 ||    38
